 Dungeon Crawl Stone Soup version 0.20-a0-1122-gb7cbeb9 (webtiles) character file.

224 Finntroll the Chucker (level 5, -1/49 HPs)
             Began as a Troll Hunter on May 14, 2017.
             Slain by an orc warrior
             ... wielding a +0 flail
              (12 damage)
             ... on level 6 of the Dungeon.
             The game lasted 00:17:03 (1892 turns).

Finntroll the Chucker (Troll Hunter)                Turns: 1892, Time: 00:17:04

Health: -1/49      AC:  5    Str: 21    XL:     5   Next: 67%
Magic:  4/4        EV: 10    Int:  7    God:
Gold:   100        SH:  0    Dex: 10    Spells: 4/4 levels left

rFire    . . .     SeeInvis .   j - +1 hand axe (freeze)
rCold    . . .     Gourm    +   (no shield)
rNeg     . . .     Faith    .   b - +0 robe
rPois    .         Spirit   .   (helmet restricted)
rElec    .         Reflect  .   (no cloak)
rCorr    .         Harm     .   (gloves unavailable)
MR       .....                  (boots unavailable)
Stlth    +.........             (no amulet)
Regen    0.6/turn               (no ring)
MPRegen  0.1/turn               (no ring)

@: no status effects
A: unfitting armour, claws 3, fast metabolism 3, gourmand, regeneration 1,
shaggy fur 1, tough skin 2
a: no special abilities


You were on level 6 of the Dungeon.
You were not hungry.

You visited 1 branch of the dungeon, and saw 6 of its levels.

You collected 100 gold pieces.

Inventory:

Hand Weapons
 a - a +0 short sword
 h - a +0 short sword
 j - a +1 hand axe of freezing (weapon)
Missiles
 c - 3 large rocks (quivered)
 d - 2 throwing nets
 n - 19 poisoned needles
Armour
 b - a +0 robe (worn)
Jewellery
 q - an uncursed amulet of faith {unknown}
Scrolls
 e - a scroll of remove curse {unknown}
 k - a scroll of identify {unknown}
 l - a scroll of immolation {unknown}
 m - a scroll of fog {unknown}
 o - a scroll of amnesia {unknown}
Potions
 g - a potion of cancellation {unknown}
 p - a potion of degeneration {unknown}
Comestibles
 f - 2 bread rations
 i - 2 fruits


   Skills:
 + Level 2.3 Fighting
 + Level 1.0 Short Blades
 + Level 2.2 Axes
 + Level 4.6 Throwing
 + Level 2.5 Dodging
 + Level 0.4 Stealth


You had 4 spell levels left.
You didn't know any spells.

Dungeon Overview and Level Annotations

Branches:
Dungeon (6/15)
 Temple: D:4-7

Altars:


Innate Abilities, Weirdness & Mutations

You are too large for most types of armour.
You have claws for hands.
Your metabolism is lightning-fast.
You like to eat raw meat.
Your natural rate of healing is unusually fast.
You are covered in fur. (AC +1)
You have very tough skin. (AC +2)


Message History

The large rock closely misses the orc warrior.
The orc warrior shouts!
You hear a shout!
The orc warrior barely misses you.
You completely miss the orc warrior.
The orc warrior hits you but does no damage.
You hit the orc warrior but do no damage.
The orc warrior hits you with a flail!
An orc comes into view.
You hit the orc warrior but do no damage.
The orc moves out of view.
The orc warrior hits you with a flail!
You hit the orc warrior but do no damage.
The orc warrior hits you with a flail!
You hit the orc warrior. You freeze the orc warrior.
The orc warrior is lightly wounded.
The orc warrior hits you with a flail!
* * * LOW HITPOINT WARNING * * *
You hit the orc warrior. You freeze the orc warrior.
The orc warrior is moderately wounded.
The orc warrior hits you with a flail!
You die...

>.. . #.# .. #.# ...
#.# .... #.# ..... #.#
......#.##############
.(....oo@............#
##.#################.#
#.# #.# #.# #.# #.#
#.#### #<....


You could see an orc warrior and an orc.

Vanquished Creatures
  A sky beast (D:5)
  A centaur zombie (D:4)
  A bullfrog zombie (D:5)
  A worker ant (D:4)
  A hound zombie (D:4)
  A howler monkey skeleton (D:4)
  An adder zombie (D:4)
  A leopard gecko (D:2)
  A bat (D:2)
  3 hobgoblins (D:1)
  A ball python zombie (D:4)
  A frilled lizard (D:1)
  A giant cockroach zombie (D:4)
  A jackal zombie (D:6)
  A kobold (D:1)
  A quokka zombie (D:4)
  3 rats
  A withered plant (D:4)
22 creatures vanquished.

Notes
Turn   | Place    | Note
-------+----------+-------------------------------------------
     0 | D:1      | Finntroll the Troll Hunter began the quest for the Orb.
     0 | D:1      | Reached XP level 1. HP: 19/19 MP: 0/0
   718 | D:1      | Paralysed by fainting for 10 turns
   843 | D:2      | Reached XP level 2. HP: 27/27 MP: 1/1
   873 | D:2      | Reached skill level 4 in Throwing
  1100 | D:4      | Reached XP level 3. HP: 15/35 MP: 2/2
  1186 | D:4      | Reached XP level 4. HP: 24/42 MP: 3/3
  1192 | D:4      | Reached skill level 1 in Axes
  1308 | D:5      | Entered Level 5 of the Dungeon
  1653 | D:5      | Reached skill level 1 in Short Blades
  1658 | D:5      | Noticed a sky beast
  1672 | D:5      | Killed a sky beast
  1672 | D:5      | Reached XP level 5. HP: 18/49 MP: 4/4
  1884 | D:6      | Noticed an orc warrior
  1892 | D:6      | Slain by an orc warrior

Vault maps used:
D:1:      saegor_arrival_simple_c
D:3:      lemuel_round_altar, first_bread, serial_co_window_serial,
          co_window_paths_a, co_window_of_opportunity_a,
          co_window_of_opportunity_a, co_window_paths_b, co_window_corner_a,
          co_window_broadway_a, co_window_corner_b, co_window_broadway_c,
          co_window_2corner, co_window_2corner, co_window_corner_ca,
          co_window_4corner_a, co_window_paths_e, glass_columns_a,
          minmay_rat_hole, uniq_sigmund
D:4:      minmay_wonky_spiral, grunt_temple_overflow_open,
          minmay_temple_entry_glass, serial_undead, serial_undead_f,
          serial_undead_d, serial_undead_f, serial_undead_b, serial_undead_f,
          serial_undead_d, serial_undead_a
D:5:      patterned_corridor
D:6:      serial_shops, shop, yredelemnul_altar_generic, uniq_edmund

Skill      XL: |  1  2  3  4 |
---------------+-------------+-----
Throwing       | 4 |  4.6
Dodging        | 2 |  2.5
Axes           | 2 |  2.2
Fighting       | 2 |  2.3
Short Blades   | 1 |  1.0
Stealth        | |  0.4

Action                   |  1- 3 |  4- 6 || total
-------------------------+-------+-------++-------
Melee: Short sword       |    13 |       ||    13
       Hand axe          |    60 |    45 ||   105
Throw: Large rock        |       |     3 ||     3
  Use: Potion            |     2 |       ||     2
  Eat: Chunk             |     2 |       ||     2
       Bread ration      |     2 |       ||     2
       Royal jelly       |     2 |       ||     2
Armor: Robe              |    24 |    17 ||    41
Dodge: Dodged            |    37 |    19 ||    56
